 Dungeon Crawl Stone Soup version 0.24.1-4-ge52af88ad5 (webtiles) character file.

Game seed: 14499571768955754428, levelgen mode: deterministic

44 lepoulpe303 the Grave Robber (level 3, -3/24 HPs)
             Began as a Demonspawn Necromancer on Apr 14, 2020.
             Slain by an adder (4 damage)
             ... on level 2 of the Dungeon.
             The game lasted 00:06:56 (2148 turns).

lepoulpe303 the Grave Robber (DsNe)                 Turns: 2148, Time: 00:06:56

Health: -3/24      AC:  2    Str:  8    XL:     3   Next: 41%
Magic:  1/6        EV: 12    Int: 17    God:
Gold:   94         SH:  0    Dex: 13    Spells: 2/7 levels left

rFire    . . .     SeeInvis .   c - +0 short sword
rCold    . . .     Gourm    .   (no shield)
rNeg     . . .     Faith    .   a - +0 robe
rPois    .         Spirit   .   (no helmet)
rElec    .         Reflect  .   (no cloak)
rCorr    .         Harm     .   (no gloves)
MR       .....                  (no boots)
Stlth    ++........             (no amulet)
HPRegen  0.08/turn              (no ring)
MPRegen  0.10/turn              (no ring)

@: lethally poisoned (-3 -> -11), very slightly contaminated
A: powered by death 1
a: no special abilities


You were on level 2 of the Dungeon.
You were not hungry.

You visited 1 branch of the dungeon, and saw 2 of its levels.

You collected 94 gold pieces.

Inventory:

Hand Weapons
 c - a +0 short sword (weapon)
Missiles
 f - 18 poisoned darts (quivered)
Armour
 a - a +0 robe (worn)
Jewellery
 h - an uncursed ring of ice {unknown}
Scrolls
 b - a scroll of enchant weapon {unknown}
 d - a scroll of magic mapping {unknown}
 g - a scroll of remove curse {unknown}
 i - a scroll of random uselessness {unknown}
 j - a scroll of amnesia {unknown}
 l - a scroll of enchant armour {unknown}
 m - a scroll of identify {unknown}
Comestibles
 e - 5 rations
 k - a chunk of flesh


   Skills:
 + Level 2.2 Dodging
 + Level 2.2 Stealth
 * Level 2.6 Spellcasting
 * Level 4.8 Necromancy


You had 2 spell levels left.
You knew the following spells:

 Your Spells              Type           Power        Failure   Level  Hunger
a - Pain                  Necr           ###.         2%          1    #......
x - Vampiric Draining     Necr           ###.......   8%          3    ###....
A - Animate Skeleton      Necr           N/A          2%          1    #......

Your spell library contained the following spells:

 Spells                   Type           Power        Failure   Level  Hunger
 Regeneration             Chrm/Necr      ##........   21%         3    ###....
 Animate Dead             Necr           N/A          26%         4    #####..


Dungeon Overview and Level Annotations

Branches:
Dungeon (2/15)

Altars:
Ashenzari

Annotations:
D:2 Sigmund


Innate Abilities, Weirdness & Mutations

You regenerate a little health from kills.


Message History

You take 1 damage, and have 6/24 hp.
* * * LOW HITPOINT WARNING * * *
You feel sick.
The hobgoblin closely misses your bat skeleton.
You take 1 damage, and have 5/24 hp.
* * * LOW HITPOINT WARNING * * *
You feel sick.
The hobgoblin barely misses your bat skeleton.
You take 1 damage, and have 4/24 hp.
* * * LOW HITPOINT WARNING * * *
You feel sick. The adder misses you.
You take 1 damage, and have 3/24 hp.
* * * LOW HITPOINT WARNING * * *
You feel sick.
You take 1 damage, and have 2/24 hp.
* * * LOW HITPOINT WARNING * * *
You feel sick.
You take 1 damage, and have 1/24 hp.
The adder bites you.
You die...

## #.#.#♣...(8.%..♣ ######
#.#.'...g#.###..♣ #.###♣...#g..#
.♣♣## #.# ♣...#g8.#...♣#.## #.#
♣♣..#...#...♣#..## ## #
#.####♣..###.#....+...## ##.
#####....#♣♣....8....♣#....####..
.........# ♣♣.Z.....♣ #....'.....
########## ♣♣♣S@..♣♣##....##.#..
# ###♣♣♣.♣♣##....###.##. ###.#
#+###....## #.### #...#
#.......## #.#.. ## #.###
######'## #{#.# .# #.# #.# #.#.#
.# #.# #.# #.#.# .# #.# ##.##
#?... .# #.# #####...## ###.#


You could see an adder and a friendly bat skeleton.

Levels and vault maps discovered:
D:1:      onia_arrival_handbag, layout_loops_cross, nicolae_ashenzari_panopticon
D:2:      layout_loops_corners, lemuel_coloured_pillars_altar, first_ration,
          kennysheep_potato, uniq_sigmund

Notes
Turn   | Place    | Note
-------+----------+-------------------------------------------
     0 | D:1      | lepoulpe303 the Demonspawn Necromancer began the quest for
                  | the Orb.
     0 | D:1      | Reached XP level 1. HP: 13/13 MP: 3/3
   361 | D:1      | Gained mutation: You regenerate a little health from kills.
                  | [demonic ancestry]
   361 | D:1      | Reached XP level 2. HP: 18/19 MP: 1/5
   361 | D:1      | Identified a +0 dagger
   433 | D:1      | Reached skill level 2 in Stealth
   455 | D:1      | Reached skill level 2 in Dodging
   471 | D:1      | Learned a level 1 spell: Animate Skeleton
   506 | D:1      | Found a shattered altar of Ashenzari.
   515 | D:1      | Identified a +0 club
   593 | D:1      | Identified a +0 short sword
   796 | D:1      | Identified a +0 club
   801 | D:1      | Reached XP level 3. HP: 24/24 MP: 6/6
   814 | D:1      | Learned a level 3 spell: Vampiric Draining
  1228 | D:2      | Identified a +0 scythe
  1228 | D:2      | Identified a +0 robe
  1228 | D:2      | Noticed Sigmund
  1245 | D:2      | Identified a +0 short sword
  1249 | D:2      | HP: 6/24 [kobold/+0 short sword (4)]
  1811 | D:2      | Found a shattered altar of Ashenzari.
  2134 | D:2      | Identified a +0 club
  2134 | D:2      | Identified a +0 hunting sling
  2142 | D:2      | HP: 6/24 [adder (1)]
  2146 | D:2      | HP: 2/24 [poisoned by an adder]
  2148 | D:2      | Slain by an adder

Table legend:
 A = Turns spent in this place as a percentage of turns spent in the entire game.
 B = Non-inter-level travel turns spent in this place as a percentage of non-inter-level travel turns spent in the entire game.
 C = Inter-level travel turns spent in this place as a percentage of turns spent in this place.
 D = Turns resting spent in this place as a percentage of non-inter-level travel turns spent in this place.
 E = Turns spent auto-exploring this place as a percentage of non-inter-level travel turns spent in this place.
 F = Non-inter-level travel turns spent in this place divided by the number of levels of this place that you've seen.
                   A       B       C       D       E      F
               +-------+-------+-------+-------+-------+----------------------
         Total | 100.0 | 100.0 |   1.7 |  32.5 |  44.4 | 1056.0
       Dungeon | 100.0 | 100.0 |   1.7 |  32.5 |  44.4 | 1056.0
               +-------+-------+-------+-------+-------+----------------------

Table legend:
 A = Kills in this place as a percentage of kills in entire the game.
 B = Kills by you in this place as a percentage of kills by you in the entire game.
 C = Kills by friends in this place as a percentage of kills by friends in the entire game.
 D = Other kills in this place as a percentage of other kills in the entire game.
 E = Experience gained in this place as a percentage of experience gained in the entire game.
 F = Experience gained in this place divided by the number of levels of this place that you have seen.
                   A       B       C       D       E      F
               +-------+-------+-------+-------+-------+----------------------
         Total | 100.0 | 100.0 |   N/A |   N/A | 100.0 |  32.0
       Dungeon | 100.0 | 100.0 |   N/A |   N/A | 100.0 |  32.0
               +-------+-------+-------+-------+-------+----------------------

Skill      XL: |  1  2 |
---------------+-------+-----
Stealth        | 2 |  2.2
Dodging        | 2 |  2.2
Spellcasting   | |  2.6
Necromancy     | |  4.8

Action                   || total
-------------------------++-------
Melee: Short sword       ||    57
       Dagger            ||    14
       Unarmed           ||     1
Throw: Dart              ||     2
 Cast: Pain              ||    32
       Animate Skeleton  ||     3
       Vampiric Draining ||     2
 Stab: Sleeping          ||     5
  Eat: Ration            ||     1
       Chunk             ||     1
Armor: Robe              ||    21
Dodge: Dodged            ||    50

Vanquished Creatures
  An ooze (D:1)
  A worm (D:2)
  A dart slug (D:1)
  A leopard gecko (D:1)
  A giant cockroach (D:1)
  5 hobgoblins
  4 kobolds
  4 ball pythons (D:1)
  6 bats
  3 frilled lizards (D:1)
  2 goblins (D:1)
  9 rats
38 creatures vanquished.
